 Dungeon Crawl Stone Soup version 0.28.0-53-g5a82cb258f (webtiles) character file.

Game seed: 14156455047351292657

6135 H0rd4k the Slicer (level 11, -4/83 HPs)
             Began as a Human Artificer on Aug 10, 2022.
             Was an Initiate of Gozag.
             Slain by a meliai
             ... wielding a +0 war axe
              (21 damage)
             ... on level 9 of the Dungeon.
             The game lasted 00:17:19 (9098 turns).

H0rd4k the Slicer (Human Artificer)                 Turns: 9098, Time: 00:17:21

Health: -4/83      AC:  6    Str: 12    XL:     11   Next: 13%
Magic:  27/27      EV: 15    Int: 15    God:    Gozag
Gold:   843        SH:  0    Dex: 15    Spells: 19/19 levels left

rFire   . . .      SeeInvis .   I - +2 dagger (venom)
rCold   . . .      Faith    .   (no shield)
rNeg    . . .      Spirit   .   b - +0 leather armour
rPois   .          Reflect  .   (no helmet)
rElec   .          Harm     .   g - +0 cloak
rCorr   .          Rampage  .   j - +0 pair of gloves
Will    .....                   x - +0 pair of boots
Stlth   +.........              i - amulet of regeneration
HPRegen 1.03/turn               M - ring of magical power
MPRegen 0.20/turn               L - +4 ring of slaying

@: gold aura
A: no striking features
a: Renounce Religion, Potion Petition, Call Merchant, Bribe Branch


You were on level 9 of the Dungeon.
You worshipped Gozag.
Gozag was pleased with you.
You visited 2 branches of the dungeon, and saw 11 of its levels.

You collected 1019 gold pieces.
You paid 176 gold pieces to Gozag.

Inventory:

Hand Weapons
 a - a +0 club
 o - a +3 short sword
 H - a +1 dagger of venom
 I - a +2 dagger of venom (weapon)
Missiles
 r - 5 poisoned darts (quivered)
Armour
 b - a +0 leather armour (worn)
 g - a +0 cloak (worn)
 j - a +0 pair of gloves (worn)
 x - a +0 pair of boots (worn)
Jewellery
 i - an amulet of regeneration (around neck)
 n - an amulet of magic regeneration
 q - a +6 ring of dexterity
 B - a ring of wizardry
 E - a +4 ring of evasion
 J - a ring of positive energy
 L - a +4 ring of slaying (right hand)
 M - a ring of magical power (left hand)
Wands
 N - a wand of iceblast (1)
Scrolls
 c - 2 scrolls of torment {unknown}
 d - a scroll of amnesia {unknown}
 m - 2 scrolls of fear {unknown}
 p - 7 scrolls of teleportation
 t - 2 scrolls of summoning {unknown}
 u - a scroll of vulnerability {unknown}
 v - 2 scrolls of holy word {unknown}
 y - a scroll of acquirement {unknown}
 A - a scroll of enchant weapon {unknown}
 C - a scroll of magic mapping {unknown}
 D - 2 scrolls of identify
 F - 2 scrolls of blinking {unknown}
 K - a scroll of noise {unknown}
Potions
 h - a potion of magic
 k - 4 potions of curing
 l - a potion of attraction
 s - 2 potions of lignification
 G - a potion of mutation {unknown}
Miscellaneous
 e - a piece from Xom's chessboard (15/15)


   Skills:
 + Level 6.6 Fighting
 + Level 9.5 Short Blades
 + Level 2.4 Maces & Flails
 + Level 0.7 Throwing
 - Level 2.0 Armour
 + Level 7.8 Dodging
 - Level 1.0 Stealth
 * Level 4.9 Spellcasting
 + Level 5.8 Evocations


You had 19 spell levels left.
You didn't know any spells.
Your spell library contained the following spells:

 Spells                   Type           Power      Damage    Failure   Level
 Animate Skeleton         Necr           6%         N/A       22%         1
 Apportation              Tloc           6%         N/A       22%         1
 Pain                     Necr           12%        1d4       22%         1
 Slow                     Hex            12%        N/A       22%         1
 Confusing Touch          Hex            3%         N/A       54%         3
 Inner Flame              Hex/Fire       3%         N/A       54%         3
 Vampiric Draining        Necr           3%         2d6       54%         3
 Cause Fear               Hex            1%         N/A       91%         4
 Alistair's Intoxication  Tmut/Pois      2%         N/A       99%         5
 Discord                  Hex            1%         N/A       100%        8


Dungeon Overview and Level Annotations

Branches:
Dungeon (10/15)            Temple (1/1) D:7            Lair (0/6) D:10
    Orc (0/2) D:10

Altars:
Ashenzari
Cheibriados
Dithmenos
Elyvilon
Fedhas
Gozag
Hepliaklqana
Kikubaaqudgha
Makhleb
Nemelex Xobeh
Okawaru
Qazlal
Ru
Sif Muna
Trog
Uskayaw
Vehumet
Wu Jian
Xom
Yredelemnul
Zin
The Shining One

Shops:
D:3 :   D:6 (

Annotations:
D:3 1 runed translucent door, exclusions: door and downstairs, Crazy Yiuf
D:4 1 exclusion
D:5 exclusion: scorpion
D:6 exclusion: upstairs, Maggie
D:7 exclusions: downstairs and hydra
D:8 exclusion: steam dragon
D:9 exclusion: two-headed ogre
D:10 Urug


Message History

The meliai invokes the aid of its god against you.
Something smites you! The meliai hits you with a +0 hand axe.
The meliai misses you.
You closely miss the meliai.
The meliai invokes the aid of its god against you.
Something smites you!
You hit the meliai but do no damage.
The meliai is poisoned.
Aiming: Iceblast
Press: ? - help, Shift-Dir - straight line, f - meliai, p - meliai
Aim: a meliai, wielding a +0 war axe and wearing a +0 leather armour The mass of ice explodes!
The iceblast engulfs the meliai!
The meliai is heavily wounded.
The iceblast engulfs the meliai!
The meliai is almost dead.
The meliai closely misses you. The meliai misses you.
The meliai barely misses you.
The meliai stings you but does no damage.
The meliai barely misses you. The meliai closely misses you.
You barely miss the meliai.
The meliai is almost dead.
You kill the meliai!
The meliai closely misses you. The meliai stings you!
* * * LOW HITPOINT WARNING * * *
Unknown command.
The meliai misses you. x2
Things that are here:
6 gold pieces; a +0 hand axe; a +0 leather armour You hit the meliai.
The meliai is poisoned.
The meliai is severely wounded.
The meliai calls upon its god to heal the meliai.
The meliai is healed somewhat.
The meliai barely misses you. The meliai stings you!
* * * LOW HITPOINT WARNING * * *
You hit the meliai.
The meliai looks as sick as possible!
The meliai is heavily wounded.
The meliai completely misses you.
The meliai stings you but does no damage.
The meliai hits you with a +0 war axe!!
You die...
Your body crumbles into a pile of gold.

#.... ######
#.....
#####....#
#......$
##.......#
.......
#....(...#
.......
.........#
.......
.........#
##....$..
.........#
##@y......
........##
##.y#...... $
........#
###.### .....
.......##
##..## ....
......##
##..## ...
.......###..##
..
.......#..###
. ....##...##
...####.##


You could see 2 meliai.

Vanquished Creatures
  Pikel (D:4)
  A cyclops (D:9)
  Joseph (D:7)
  Grinder (D:4)
  A meliai (D:9)
  2 yaks
  A wyvern (D:9)
  10 fire bats (D:8)
  A water moccasin (D:6)
  Duvessa (D:4)
  A hornet zombie (D:8)
  A necrophage (D:5)
  2 orc warriors
  2 black bears (D:5)
  2 sky beasts
  5 centaurs
  2 ogres (D:5)
  A lemure (D:3)
  2 phantoms
  A bullfrog (D:6)
  A wyvern zombie (D:6)
  3 gnoll sergeants (D:9)
  A scorpion (D:6)
  3 killer bees (D:7)
  2 electric eels
  3 howler monkeys (D:9)
  A centaur zombie (D:6)
  3 orc priests
  A hound (D:6)
  A jelly (D:7)
  2 iguanas
  4 orc wizards
  2 hound zombies (D:5)
  A howler monkey zombie (D:7)
  14 gnolls
  9 adders
  2 adder skeletons (D:4)
  A worm (D:3)
  A dart slug (D:4)
  18 orcs
  5 ball pythons
  4 endoplasms
  4 giant cockroaches
  6 hobgoblins
  2 jackals (D:1)
  2 quokkas
  57 bats
  4 frilled lizards
  8 goblins
  6 kobolds
  4 rats
214 creatures vanquished.

Vanquished Creatures (collateral kills)
  A yak (D:4)
  Dowan (D:4)
  7 gnolls
  A dart slug (D:4)
  3 orcs (D:3)
  A hobgoblin (D:1)
  A jackal (D:1)
  A kobold (D:4)
16 creatures vanquished.

Vanquished Creatures (others)
  A gnoll (D:9)
  A hobgoblin (D:1)
  A frilled lizard (D:1)
  A plant (D:5)
4 creatures vanquished.

Grand Total: 234 creatures vanquished

Notes
Turn   | Place    | Note
-------+----------+-------------------------------------------
     0 | D:1      | H0rd4k the Human Artificer began the quest for the Orb.
     0 | D:1      | Reached XP level 1. HP: 15/15 MP: 1/1
   324 | D:1      | Reached XP level 2. HP: 20/21 MP: 2/2
   886 | D:1      | Reached XP level 3. HP: 22/26 MP: 3/3
  1579 | D:1      | Found a faded altar of an unknown god.
  1688 | D:2      | Reached XP level 4. HP: 32/32 MP: 4/4
  2068 | D:2      | Reached skill level 1 in Maces & Flails
  2193 | D:3      | Reached XP level 5. HP: 32/37 MP: 5/5
  2407 | D:3      | Found Merph's Book Emporium.
  2459 | D:3      | Noticed a phantom
  2490 | D:3      | Killed a phantom
  2491 | D:3      | Reached skill level 1 in Short Blades
  2491 | D:3      | Reached XP level 6. HP: 12/44 MP: 6/6
  2701 | D:3      | Found a runed translucent door.
  2702 | D:3      | Noticed Crazy Yiuf
  2965 | D:3      | Found a hide-covered altar of Uskayaw.
  3163 | D:4      | Noticed Pikel
  3391 | D:4      | Noticed a yak
  3391 | D:4      | Noticed a yak
  3392 | D:4      | Noticed a yak
  3458 | D:4      | Killed a yak
  3459 | D:4      | Reached skill level 2 in Short Blades
  3506 | D:4      | Noticed Dowan
  3509 | D:4      | Noticed Duvessa
  3520 | D:4      | Killed Duvessa
  3521 | D:4      | Reached XP level 7. HP: 40/51 MP: 7/7
  3524 | D:4      | Killed Dowan
  3528 | D:4      | Your ally Pikel died
  3604 | D:4      | Reached skill level 3 in Short Blades
  3683 | D:4      | Noticed Grinder
  3697 | D:4      | Killed Grinder
  3698 | D:4      | Reached XP level 8. HP: 58/58 MP: 8/8
  3775 | D:4      | Noticed a yak
  3775 | D:4      | Noticed a yak
  3825 | D:4      | Reached skill level 4 in Short Blades
  4029 | D:5      | Entered Level 5 of the Dungeon
  4064 | D:5      | Reached skill level 5 in Evocations
  4101 | D:5      | Reached skill level 5 in Short Blades
  4306 | D:5      | Found a shimmering altar of Xom.
  4828 | D:5      | Noticed a two-headed ogre
  4890 | D:6      | Found Difab's Antique Weapon Shoppe.
  4964 | D:6      | Reached skill level 6 in Short Blades
  4981 | D:6      | Reached XP level 9. HP: 65/65 MP: 9/9
  5074 | D:6      | Reached skill level 1 in Spellcasting
  5258 | D:6      | Reached skill level 7 in Short Blades
  5258 | D:6      | Reached skill level 5 in Dodging
  5503 | D:6      | Noticed Maggie
  5776 | D:7      | Noticed Joseph
  5812 | D:7      | Killed Joseph
  5912 | D:7      | Reached skill level 5 in Fighting
  5951 | D:7      | Found a staircase to the Ecumenical Temple.
  5968 | D:7      | Found a radiant altar of Vehumet.
  5979 | Temple   | Entered the Ecumenical Temple
  6084 | Temple   | Became a worshipper of Gozag Ym Sagoz the Greedy
  6760 | D:7      | Found the +5 scythe "Finisher" {speed, eviscerate}
  6761 | D:7      | Noticed a four-headed hydra
  6970 | D:8      | Reached XP level 10. HP: 72/74 MP: 14/14
  7152 | D:8      | Reached skill level 8 in Short Blades
  7480 | D:8      | Found a bloodstained altar of Trog.
  7598 | D:8      | Reached skill level 9 in Short Blades
  8042 | D:9      | Noticed a two-headed ogre
  8216 | D:9      | Found a stormy altar of Qazlal.
  8216 | D:9      | Found a glowing silver altar of Zin.
  8224 | D:9      | Found a burning altar of Makhleb.
  8226 | D:9      | Found a hazy altar of Hepliaklqana.
  8228 | D:9      | Found a white marble altar of Elyvilon.
  8905 | D:10     | Entered Level 10 of the Dungeon
  8905 | D:10     | Noticed a cyclops
  8907 | D:10     | Noticed Urug
  8925 | D:9      | Killed a cyclops
  8926 | D:9      | Reached XP level 11. HP: 51/82 MP: 18/18
  8937 | D:10     | Found a shadowy altar of Dithmenos.
  8976 | D:10     | Found a staircase to the Lair.
  9018 | D:10     | Found a staircase to the Orcish Mines.
  9098 | D:9      | Slain by a meliai

Illustrated notes

Levels and vault maps discovered:
D:1:      nzn_arrival_water_spiral, layout_rooms,
          dreamdust_ecumenical_altar_hidden_monk_grotto,
          amcnicky_mini_rare_corridor_liquid, minmay_surrounded
D:2:      layout_basic, serial_glass, glass_columns_a, glass_columns_a
D:3:      layout_loops_ring, lemuel_coloured_pillars_altar, serial_shops, shop,
          kennysheep_flooded_box, dk_noncrumbling_2, minmay_bisected,
          uniq_crazy_yiuf_cottage
D:4:      layout_loops_ring, serial_glass, glass_columns_c, glass_columns_a,
          glass_columns_a, glass_columns_a, item_on_display_b, uniq_duvessa,
          uniq_pikel, uniq_grinder
D:5:      kennysheep_big_flooded_room, layout_loops_cross, lemuel_round_altar,
          gammafunk_ghost_gnarly_gnolls, serial_glass, glass_columns_c,
          glass_columns_b, glass_columns_b, glass_columns_b, glass_columns_a,
          minmay_strange_pillars, feat_on_display, item_on_display_a
D:6:      layout_basic, serial_shops, nicolae_inconvenience_store, uniq_maggie
D:7:      layout_loops_ring, fiery_altar_vehumet, minmay_temple_entry_trees,
          eino_small_chamber_without_monster, kennysheep_big_empty_room,
          feat_on_display, uniq_joseph
D:8:      due_megacathedral, layout_basic, nicolae_ossuary_entry_plus,
          serial_shops, nicolae_lakefront_shop, serial_glass, glass_columns_a,
          glass_columns_a
D:9:      minmay_gate_of_8, layout_cave_pods,
          chequers_temple_overflow_minitemple, lemuel_flamethrower_2
D:10:     layout_roguey, nicolae_dithmenos_through_a_glass_darkly,
          lair_entry_dummy, david_orc_3, enter_bailey_3, uniq_urug,
          uniq_nergalle
Temple:   dshaligram_water_room_temple

Skill      XL: |  1  2  3  4  5  6  7  8  9 10 |
---------------+-------------------------------+-----
Evocations     | 4 5 |  5.8
Dodging        | 2 3 4 5 7 |  7.8
Maces & Flails | 1 2 |  2.4
Fighting       | 2 3 4 5 6 |  6.6
Short Blades   | 1 2 3 6 7 9 |  9.5
Spellcasting   | 3 4 |  4.9
Throwing       | |  0.7
Armour         | |  2.0
Stealth        | |  1.0

Action                   |  1- 3 |  4- 6 |  7- 9 | 10-12 || total
-------------------------+-------+-------+-------+-------++-------
Melee: Club              |   138 |    43 |       |       ||   181
       Punch             |     2 |       |     3 |    13 ||    18
       Short sword       |       |   110 |   364 |    13 ||   487
       Dagger            |       |       |     7 |   384 ||   391
Throw: Dart              |       |       |     3 |       ||     3
Evoke: Wand              |     6 |    18 |    17 |     7 ||    48
  Use: Scroll            |       |       |     3 |     2 ||     5
       Potion            |       |       |     4 |     3 ||     7
 Stab: Sleeping          |     1 |     3 |     4 |       ||     8
       Distracted        |       |       |       |     1 ||     1
Armor: Leather armour    |    98 |    40 |    69 |    93 ||   300
       Skin              |       |       |    15 |       ||    15
Dodge: Dodged            |   134 |   106 |   197 |   296 ||   733
